AoeStats
← Calaquende

MegaRandom

510290306Analyzed
2v2 RM · 1d ago on Sep 30, 2026· 25m 26s· 4 players
Game mode
Random Map
Map size
Medium (4 player)
Population
200
Speed
Normal
Resources
Standard
Victory
Conquest
Starting age
Dark Age
Ending age
Imperial Age
RankedLock teamsTeams togetherTeam positionsShared explorationLock speedFull tech treeHidden civsTurbo modeCheats
Victory
Defeat
🇩🇪 Varangians · Germany
1397
+13
🇩🇪 Burgundians · Germany
1373
+13
🇦🇷 Sicilians · Argentina
1328
-13
🇦🇷 Persians · Argentina
1323
-13
YDRL
2:27 Loom
11:44 Feudal Age
18:16 Horse Collar
22:41 Castle Age
22:07 Double-Bit Axe
Alastan
6:32 Loom
11:53 Feudal Age
12:37 Double-Bit Axe
13:09 Horse Collar
16:41 Fletching
16:52 Padded Archer Armor
21:55 Castle Age
20:39 Gold Mining
21:39 Bloodlines
25:29 Scale Barding Armor
Jordan Belfort
5:40 Double-Bit Axe
6:49 Loom
10:00 Feudal Age
11:06 Bow Saw
11:36 Horse Collar
12:58 Wheelbarrow
19:03 Castle Age
19:09 Scale Barding Armor
19:23 Heavy Plow
19:15 Cavalier
20:48 Gold Mining
23:19 Gold Shaft Mining
24:43 Forging
24:57 Hand Cart
Calaquende
6:46 Loom
9:23 Feudal Age
10:24 Double-Bit Axe
11:49 Town Watch
12:42 Wheelbarrow
18:54 Castle Age
17:39 Horse Collar
18:26 Gold Mining
20:16 Bow Saw
23:33 Town Watch
24:10 Fletching
Connection lost

Rejoining the realm…

Still unreachable

The connection could not be restored.

Session expired

The server has moved on; the page needs a fresh start.